NYP
BATAVIA MUCKDOGS @ BROOKLYN CYCLONES
09/05/2044
 
TOP OF THE 1ST
Batavia Muckdogs batting - Pitching for Brooklyn Cyclones : RHP Tony Ramos
Pitching: RHP Tony Ramos
Batting: RHB Calvin Morin 0-0: Reached on error, E5 (Groundball, 56, EV 86.3 MPH)
Batting: LHB David Doge 0-0: Called Strike
0-1: Swinging Strike
0-2: Ball
1-2: Ground out 5-3 (Groundball, 56S, EV 90.6 MPH)
Calvin Morin to second
Batting: RHB Jim Fisher 0-0: Ball
Calvin Morin steals 3rd base
1-0: Ball
2-0: Ball
3-0: Base on Balls
Batting: RHB Len Graham 0-0: Foul Ball, location: 2F
0-1: DOUBLE (Line Drive, 7LD, EV 105.6 MPH)
Calvin Morin scores
Jim Fisher to third
Batting: LHB Ryan Thompson 0-0: Ball
1-0: Called Strike
1-1: Swinging Strike
1-2: Ball
2-2: Ball
3-2: Base on Balls
Batting: RHB Nate Crofts 0-0: Ball
1-0: Ball
2-0: Swinging Strike
2-1: Foul Ball, location: 2F
2-2: Foul Ball, location: 2F
2-2: Grounds into double play, 5-4-3 (Groundball, 56S, EV 81.9 MPH)
Top of the 1st over - 1 run, 1 hit, 1 error, 2 left on base; Batavia 1 - Brooklyn 0
BOTTOM OF THE 1ST
Brooklyn Cyclones batting - Pitching for Batavia Muckdogs : RHP Gabe Behrend
Pitching: RHP Gabe Behrend
Batting: RHB Corban Stavrakis 0-0: Called Strike
0-1: Ball
1-1: Ball
2-1: Swinging Strike
2-2: Ball
3-2: Base on Balls
Batting: RHB Oscar Chairez 0-0: Ball
1-0: Ball
2-0: Foul Ball, location: 2F
2-1: Ball
Wild Pitch!
Corban Stavrakis to second
3-1: SINGLE (Line Drive, 9S, EV 94.4 MPH)
Corban Stavrakis to third
Batting: LHB Victor Ferrermena 0-0: Ball
1-0: Grounds into double play, 4-6-3 (Groundball, 34, EV 83.1 MPH)
Corban Stavrakis scores
Batting: RHB Chris Nelson 0-0: Called Strike
0-1: Ball
1-1: Ball
2-1: Swinging Strike
2-2: Strikes out swinging
Bottom of the 1st over - 1 run, 1 hit, 0 errors, 0 left on base; Batavia 1 - Brooklyn 1
TOP OF THE 2ND
Batavia Muckdogs batting - Pitching for Brooklyn Cyclones : RHP Tony Ramos
Batting: RHB Larry LeFever 0-0: Ball
1-0: Called Strike
1-1: Ball
2-1: Ball
3-1: Called Strike
3-2: Foul Ball, location: 2F
3-2: Foul Ball, location: 2F
3-2: Foul Ball, location: 2F
3-2: Base on Balls
Batting: LHB Emilio Montalvo 0-0: Ball
1-0: Foul Ball, location: 2F
1-1: Fly out, F7 (Flyball, 78S, EV 95.0 MPH)
Batting: RHB Jeremy Dennis 0-0: Foul Ball, location: 2F
0-1: Called Strike
0-2: Ball
1-2: Ball
2-2: Strikes out swinging
Batting: RHB Calvin Morin 0-0: Ball
1-0: Ball
2-0: Called Strike
2-1: Foul Ball, location: 2F
2-2: Ball
3-2: Base on Balls
Larry LeFever to second
Batting: LHB David Doge 0-0: Ball
1-0: Called Strike
1-1: Ball
2-1: Fly out, F4 (Popup, 4M, EV 76.3 MPH)
Top of the 2nd over - 0 runs, 0 hits, 0 errors, 2 left on base; Batavia 1 - Brooklyn 1
BOTTOM OF THE 2ND
Brooklyn Cyclones batting - Pitching for Batavia Muckdogs : RHP Gabe Behrend
Batting: SHB Julio Ramos 0-0: Foul Ball, location: 2F
0-1: Ball
1-1: Ball
2-1: Fly out, F7 (Flyball, 7S, EV 87.5 MPH)
Batting: RHB Allen Wozniak 0-0: Ball
1-0: Ball
2-0: Ball
3-0: Base on Balls
Batting: LHB Manny Caldera 0-0: Called Strike
0-1: Swinging Strike
0-2: Strikes out swinging
Batting: RHB Louwe Starmans 0-0: Called Strike
0-1: SINGLE (Line Drive, 9LS, EV 101.9 MPH)
Allen Wozniak to second
Pitching: RHP Scott Feltham
Batting: RHB Jung-keun Bai 0-0: Fly out, F4 (Popup, 23, EV 91.9 MPH)
Bottom of the 2nd over - 0 runs, 1 hit, 0 errors, 2 left on base; Batavia 1 - Brooklyn 1
TOP OF THE 3RD
Batavia Muckdogs batting - Pitching for Brooklyn Cyclones : RHP Tony Ramos
Batting: RHB Jim Fisher 0-0: Called Strike
0-1: Ball
1-1: SINGLE (Groundball, 34D, EV 105.0 MPH)
Batting: RHB Len Graham 0-0: Called Strike
0-1: Swinging Strike
0-2: Ball
1-2: Ball
2-2: TRIPLE (Line Drive, 78XD, EV 108.8 MPH)
Jim Fisher scores
Batting: LHB Ryan Thompson 0-0: Ball
1-0: Swinging Strike
1-1: Ground out 6-3 (Groundball, 6, EV 105.0 MPH)
Len Graham scores
Batting: RHB Nate Crofts 0-0: Ball
1-0: Called Strike
1-1: Ground out 5-3 (Groundball, 5, EV 86.3 MPH)
Batting: RHB Larry LeFever 0-0: Ball
1-0: Ball
2-0: Ball
3-0: Called Strike
3-1: Base on Balls
Batting: LHB Emilio Montalvo 0-0: Swinging Strike
0-1: Ball
1-1: Swinging Strike
1-2: Strikes out swinging
Top of the 3rd over - 2 runs, 2 hits, 0 errors, 1 left on base; Batavia 3 - Brooklyn 1
BOTTOM OF THE 3RD
Brooklyn Cyclones batting - Pitching for Batavia Muckdogs : RHP Scott Feltham
Batting: RHB Corban Stavrakis 0-0: Ball
1-0: Swinging Strike
1-1: Foul Ball, location: 2F
1-2: Ball
2-2: SINGLE (Groundball, 56D, EV 105.6 MPH)
Batting: RHB Oscar Chairez 0-0: Called Strike
0-1: Ball
1-1: SINGLE (Line Drive, 7LS, EV 85.6 MPH)
Corban Stavrakis to second
Batting: LHB Victor Ferrermena 0-0: Called Strike
0-1: Swinging Strike
0-2: Strikes out looking
Batting: RHB Chris Nelson 0-0: Foul Ball, location: 2F
0-1: Called Strike
0-2: Strikes out swinging
Batting: SHB Julio Ramos 0-0: Foul Ball, location: 2F
0-1: 3-RUN HOME RUN (Flyball, 9D, EV 94.4 MPH), Distance : 372 ft
Batting: RHB Allen Wozniak 0-0: Ball
1-0: Ball
2-0: Ball
3-0: Called Strike
3-1: Base on Balls
Pitching: RHP Ryan Babbitt
Batting: LHB Manny Caldera 0-0: SINGLE (Groundball, 4MD, EV 95.0 MPH)
Allen Wozniak to second
Batting: RHB Louwe Starmans 0-0: Ground out 1-3 (Groundball, 13S, EV 63.8 MPH)
Bottom of the 3rd over - 3 runs, 4 hits, 0 errors, 2 left on base; Batavia 3 - Brooklyn 4
TOP OF THE 4TH
Batavia Muckdogs batting - Pitching for Brooklyn Cyclones : RHP Tony Ramos
Batting: RHB Jeremy Dennis 0-0: Foul Ball, location: 2F
0-1: Ball
1-1: Ball
2-1: Called Strike
2-2: Strikes out swinging
Batting: RHB Calvin Morin 0-0: Ball
1-0: Called Strike
1-1: Ball
2-1: Ground out 2-3 (Groundball, 2L, EV 72.5 MPH)
Batting: LHB David Doge 0-0: Swinging Strike
0-1: Ball
1-1: Ball
2-1: Ball
3-1: Foul Ball, location: 2F
3-2: Fly out, F4 (Flyball, 4D, EV 91.3 MPH)
Top of the 4th over - 0 runs, 0 hits, 0 errors, 0 left on base; Batavia 3 - Brooklyn 4
BOTTOM OF THE 4TH
Brooklyn Cyclones batting - Pitching for Batavia Muckdogs : RHP Ryan Babbitt
Batting: RHB Jung-keun Bai 0-0: Ball
1-0: Ball
2-0: Foul Ball, location: 2F
2-1: Foul Ball, location: 2F
2-2: Strikes out swinging
Batting: RHB Corban Stavrakis 0-0: Ball
1-0: Ball
2-0: Called Strike
2-1: Ground out 6-3 (Groundball, 6, EV 86.9 MPH)
Batting: RHB Oscar Chairez 0-0: Called Strike
0-1: Ball
1-1: DOUBLE (Groundball, 5L, EV 100.6 MPH)
Batting: LHB Victor Ferrermena 0-0: Ball
Wild Pitch!
Oscar Chairez to third
1-0: Swinging Strike
1-1: Fly out, F7 (Flyball, 7S, EV 78.8 MPH)
Bottom of the 4th over - 0 runs, 1 hit, 0 errors, 1 left on base; Batavia 3 - Brooklyn 4
TOP OF THE 5TH
Batavia Muckdogs batting - Pitching for Brooklyn Cyclones : RHP Tony Ramos
Batting: RHB Jim Fisher 0-0: SINGLE (Groundball, 56D, EV 101.3 MPH)
Batting: RHB Len Graham 0-0: Ball
1-0: Called Strike
1-1: Ball
2-1: SINGLE (Groundball, 6MD, EV 108.1 MPH)
Jim Fisher to second
Batting: LHB Ryan Thompson 0-0: Ball
1-0: Called Strike
1-1: Called Strike
1-2: Strikes out looking
Batting: RHB Nate Crofts 0-0: Ball
1-0: Called Strike
1-1: Ball
2-1: Swinging Strike
2-2: Ball
3-2: Strikes out swinging
Batting: RHB Larry LeFever 0-0: Called Strike
0-1: Called Strike
0-2: Ball
1-2: Ball
2-2: Ground out 6-3 (Groundball, 6S, EV 64.4 MPH)
Top of the 5th over - 0 runs, 2 hits, 0 errors, 2 left on base; Batavia 3 - Brooklyn 4
BOTTOM OF THE 5TH
Brooklyn Cyclones batting - Pitching for Batavia Muckdogs : RHP Ryan Babbitt
Batting: RHB Chris Nelson 0-0: Called Strike
0-1: Foul Ball, location: 2F
0-2: Ball
1-2: Foul Ball, location: 2F
1-2: Ball
2-2: Ball
3-2: Fly out, F7 (Flyball, 78M, EV 78.1 MPH)
Pitching: RHP Giampaolo Nobile
Batting: SHB Julio Ramos 0-0: Ball
1-0: Ground out U3 (Groundball, 3, EV 111.9 MPH)
Batting: RHB Allen Wozniak 0-0: Ball
1-0: Fly out, F5 (Flyball, 5D, EV 86.9 MPH)
Bottom of the 5th over - 0 runs, 0 hits, 0 errors, 0 left on base; Batavia 3 - Brooklyn 4
TOP OF THE 6TH
Batavia Muckdogs batting - Pitching for Brooklyn Cyclones : RHP Tony Ramos
Pitching: LHP Mike Capers
Pinch Hitting: RHB Mario Barraza 0-0: Foul Ball, location: 2F
0-1: Ball
1-1: Ball
2-1: Ball
3-1: Swinging Strike
3-2: Ground out U3 (Groundball, 3, EV 90.6 MPH)
Batting: RHB Jeremy Dennis 0-0: Foul Ball, location: 2F
0-1: SINGLE (Flyball, 7S, EV 91.3 MPH)
Batting: RHB Calvin Morin 0-0: Ball
1-0: Ball
Wild Pitch!
Jeremy Dennis to second
2-0: Ball
3-0: Called Strike
3-1: Ground out 5-3 (Groundball, 56, EV 85.0 MPH)
Pinch Hitting: RHB Alex Ramirez 0-0: Ball
1-0: Ball
2-0: Ball
3-0: Called Strike
3-1: Foul Ball, location: 2F
3-2: Foul Ball, location: 2F
3-2: Fly out, F7 (Flyball, 7, EV 87.5 MPH)
Top of the 6th over - 0 runs, 1 hit, 0 errors, 1 left on base; Batavia 3 - Brooklyn 4
BOTTOM OF THE 6TH
Brooklyn Cyclones batting - Pitching for Batavia Muckdogs : RHP Giampaolo Nobile
Now in LF: Mario Barraza
Now in RF: Mario Tirado
Batting: LHB Manny Caldera 0-0: SINGLE (Groundball, 34D, EV 101.3 MPH)
Batting: RHB Louwe Starmans 0-0: Ball
1-0: Ball
2-0: Called Strike
2-1: Foul Ball, location: 2F
2-2: SINGLE (Groundball, 56D, EV 96.3 MPH)
Manny Caldera to second
Batting: RHB Jung-keun Bai 0-0: Ball
1-0: Swinging Strike
1-1: Foul Ball, location: 2F
1-2: Foul Ball, location: 2F
1-2: Ball
2-2: Ball
3-2: Fielders Choice at 2nd, 6-4 (Groundball, 6, EV 83.8 MPH)
Manny Caldera to third
Batting: RHB Corban Stavrakis 0-0: Ball
1-0: Ball
2-0: 3-RUN HOME RUN (Line Drive, 78XD, EV 105.6 MPH), Distance : 427 ft
Pitching: RHP Alex Garza
Batting: RHB Oscar Chairez 0-0: Called Strike
0-1: Ball
1-1: Foul Ball, location: 2F
1-2: Foul Ball, location: 2F
1-2: Ball
2-2: Strikes out swinging
Batting: LHB Victor Ferrermena 0-0: Called Strike
0-1: Called Strike
0-2: Ball
1-2: Ball
2-2: Ball
3-2: SINGLE (Groundball, 6M, EV 111.3 MPH) (infield hit)
Batting: RHB Chris Nelson 0-0: Called Strike
0-1: Foul Ball, location: 2F
0-2: Ball
1-2: Strikes out looking
Bottom of the 6th over - 3 runs, 4 hits, 0 errors, 1 left on base; Batavia 3 - Brooklyn 7
TOP OF THE 7TH
Batavia Muckdogs batting - Pitching for Brooklyn Cyclones : LHP Mike Capers
Pitching: RHP Jason Vulich
Batting: RHB Jim Fisher 0-0: Called Strike
0-1: Ground out 5-3 (Groundball, 56, EV 89.4 MPH)
Batting: RHB Len Graham 0-0: Ball
1-0: Foul Ball, location: 2F
1-1: Ground out 6-3 (Groundball, 6D, EV 85.6 MPH)
Batting: LHB Ryan Thompson 0-0: Ball
1-0: Foul Ball, location: 2F
1-1: Foul Ball, location: 2F
1-2: Strikes out swinging, 2-3 out at first.
Top of the 7th over - 0 runs, 0 hits, 0 errors, 0 left on base; Batavia 3 - Brooklyn 7
BOTTOM OF THE 7TH
Brooklyn Cyclones batting - Pitching for Batavia Muckdogs : RHP Alex Garza
Batting: SHB Julio Ramos 0-0: Called Strike
0-1: Ball
1-1: DOUBLE (Groundball, 3L, EV 103.8 MPH)
Batting: RHB Allen Wozniak 0-0: SINGLE (Groundball, 6MD, EV 104.4 MPH)
Julio Ramos to third
Runner from 3rd tries for Home, SAFE, throw by CF to home
Batting: LHB Manny Caldera 0-0: Swinging Strike
0-1: Foul Ball, location: 2F
0-2: Strikes out looking
Batting: RHB Louwe Starmans 0-0: Called Strike
0-1: Swinging Strike
0-2: Strikes out swinging
Batting: RHB Jung-keun Bai 0-0: Ball
1-0: Fly out, F7 (Flyball, 7LM, EV 101.9 MPH)
Bottom of the 7th over - 1 run, 2 hits, 0 errors, 1 left on base; Batavia 3 - Brooklyn 8
TOP OF THE 8TH
Batavia Muckdogs batting - Pitching for Brooklyn Cyclones : RHP Jason Vulich
Batting: RHB Nate Crofts 0-0: Ball
1-0: Swinging Strike
1-1: SINGLE (Groundball, 56D, EV 95.0 MPH)
Pinch Hitting: LHB Andrew van Dongen 0-0: Ball
1-0: Ball
2-0: DOUBLE (Line Drive, 8LXD, EV 103.8 MPH)
Nate Crofts to third
Batting: RHB Mario Barraza 0-0: Called Strike
0-1: Ball
1-1: Ground out 6-3 (Groundball, 6, EV 103.1 MPH)
Nate Crofts scores
Pinch Hitting: LHB Carlos Mosqueda 0-0: Ball
Wild Pitch!
Andrew van Dongen to third
1-0: SINGLE (Line Drive, 89M, EV 102.5 MPH)
Andrew van Dongen scores
Pinch Hitting: SHB Dan Zink 0-0: SINGLE (Line Drive, 56D, EV 99.4 MPH)
Carlos Mosqueda to second
Batting: LHB Mario Tirado 0-0: Ball
Wild Pitch!
Carlos Mosqueda to third
Dan Zink to second
1-0: Swinging Strike
1-1: Ball
2-1: Called Strike
2-2: Foul Ball, location: 2F
2-2: Foul Ball, location: 2F
2-2: Ball
3-2: Foul Ball, location: 2F
3-2: Base on Balls
Batting: RHB Jim Fisher 0-0: Called Strike
0-1: Swinging Strike
0-2: Ball
1-2: Ball
2-2: Ball
3-2: Foul Ball, location: 2F
3-2: Foul Ball, location: 2F
3-2: Fly out, F8 (Flyball, 89M, EV 76.3 MPH)
Batting: RHB Len Graham 0-0: DOUBLE (Flyball, 89D, EV 100.0 MPH)
Carlos Mosqueda scores
Dan Zink scores
Mario Tirado to third
Pitching: LHP Jose Diaz
Batting: RHB Mike Sonn 0-0: Foul Ball, location: 2F
0-1: Ball
1-1: Ball
2-1: Ball
3-1: Base on Balls
Batting: RHB Nate Crofts 0-0: Swinging Strike
0-1: Swinging Strike
0-2: Strikes out looking
Top of the 8th over - 4 runs, 5 hits, 0 errors, 3 left on base; Batavia 7 - Brooklyn 8
BOTTOM OF THE 8TH
Brooklyn Cyclones batting - Pitching for Batavia Muckdogs : RHP Alex Garza
Now at 3B: Joe Lightell
Now at SS: Ryuki Ogasawara
Now in CF: Hiromitsu Yamada
Batting: RHB Corban Stavrakis 0-0: Called Strike
0-1: Ball
1-1: Foul Ball, location: 2F
1-2: Ball
2-2: Ground out 6-3 (Groundball, 6S, EV 81.9 MPH)
Batting: RHB Oscar Chairez 0-0: Ball
1-0: Foul Ball, location: 2F
1-1: Foul Ball, location: 2F
1-2: Strikes out swinging
Batting: LHB Victor Ferrermena 0-0: Ball
1-0: Called Strike
1-1: Foul Ball, location: 2F
1-2: Ball
2-2: SINGLE (Groundball, 56D, EV 95.0 MPH)
Batting: RHB Chris Nelson 0-0: Ball
1-0: Swinging Strike
Passed Ball!
Victor Ferrermena to second
1-1: SINGLE (Groundball, 56D, EV 96.3 MPH)
Victor Ferrermena to third
Batting: SHB Julio Ramos 0-0: Ball
1-0: Ball
2-0: Called Strike
2-1: TRIPLE (Line Drive, 8RXD, EV 108.1 MPH)
Victor Ferrermena scores
Chris Nelson scores
Batting: RHB Allen Wozniak 0-0: Foul Ball, location: 2F
0-1: SINGLE (Line Drive, 9S, EV 103.1 MPH)
Julio Ramos scores
Batting: LHB Manny Caldera 0-0: Called Strike
0-1: Fly out, F8 (Flyball, 8RD, EV 93.1 MPH)
Bottom of the 8th over - 3 runs, 4 hits, 0 errors, 1 left on base; Batavia 7 - Brooklyn 11
TOP OF THE 9TH
Batavia Muckdogs batting - Pitching for Brooklyn Cyclones : LHP Jose Diaz
Batting: SHB Joe Lightell 0-0: Swinging Strike
0-1: Fly out, F9 (Flyball, 89D, EV 98.1 MPH)
Batting: RHB Mario Barraza 0-0: Called Strike
0-1: Swinging Strike
0-2: Fly out, F9 (Flyball, 9D, EV 100.6 MPH)
Batting: RHB Ryuki Ogasawara 0-0: Ball
1-0: Foul Ball, location: 2F
1-1: Ball
2-1: Ball
3-1: Called Strike
3-2: Strikes out looking
Top of the 9th over - 0 runs, 0 hits, 0 errors, 0 left on base; Batavia 7 - Brooklyn 11
Thursday, March 31st , 2022 - OOTP Baseball 22.12 Build 89